Map: World of Sleepers LE

Players

Mez - Winner!

  • Race: Terran Terran
  • League: Master
  • Spawn Location: 1:00

Red

  • Race: Protoss Protoss
  • League: Master
  • Spawn Location: 7:00

VOD

Have the link to the VOD?

Description

Time

  • Played on: Aug. 22, 2019, 4:16 p.m.
  • Length: 9:15
Show
View Real Time Build Order
Export as new Build Order

Mez Terran - Winner!

Build Orders: Reaper Expand 

Get SALT Encoding   

  12  0:00  SCV  
  13  0:13  SCV  
  14  0:17  Supply Depot  
  14  0:25  SCV  
  15  0:38  SCV  
  15  0:39  Barracks  
  16  0:45  Refinery  
  16  0:50  SCV  
  17  1:03  SCV  
  18  1:15  SCV  
  19  1:28  Orbital Command  
  19  1:29  Reaper  
  20  1:48  Command Center  
  20  1:55  Bunker  
  20  1:57  SCV  
  21  2:02  Marine  
  21  2:03  Supply Depot  
  22  2:09  SCV  
  23  2:23  Barracks Reactor  
  23  2:25  SCV  
  24  2:37  Command Center  
  24  2:42  Factory  
  24  2:46  SCV  
  25  2:58  SCV  
  26  3:00  Orbital Command, Marine x2  
  28  3:06  Refinery  
  28  3:12  SCV  
  29  3:18  Marine x2  
  31  3:24  SCV  
  31  3:26  Widow Mine  
  34  3:28  Starport  
  34  3:30  SCV  
  35  3:36  SCV  
  35  3:40  Marine  
  35  3:41  Marine  
  38  3:43  SCV  
  38  3:48  SCV  
  40  3:51  Factory Tech Lab  
  40  3:52  Orbital Command  
  40  3:55  Refinery, SCV  
  40  4:06  Starport Tech Lab, Marine x2  
  40  4:09  SCV x2  
  44  4:12  Siege Tank  
  47  4:18  SCV  
  47  4:21  Supply Depot, SCV x2  
  47  4:23  Marine  
  51  4:25  Marine  
  51  4:30  SCV  
  51  4:31  Raven  
  53  4:33  Barracks  
  55  4:38  Barracks  
  55  4:40  SCV x2  
  55  4:44  Supply Depot  
  57  4:50  Siege Tank  
  60  4:54  SCV x2  
  60  4:55  SCV  
  60  4:58  Refinery  
  63  5:01  Marine  
  63  5:02  Marine  
  63  5:06  SCV x2  
  63  5:07  SCV  
  68  5:08  Supply Depot  
  68  5:17  Orbital Command  
  68  5:18  SCV x2  
  71  5:23  Starport Reactor  
  70  5:30  SCV  
  70  5:32  Stimpack  
  71  5:36  Engineering Bay x2  
  71  5:39  Barracks, Factory Reactor  
  71  5:41  Barracks  
  71  5:42  Marauder, Marine x2  
  75  5:48  SCV x3  
  78  5:55  Marauder  
  80  5:59  Marine x2  
  80  6:00  Medivac, SCV  
  80  6:03  Supply Depot  
  85  6:06  Supply Depot, Terran Infantry Armor Level 1, Terran Infantry Weapons Level 1  
  85  6:12  Marauder, Medivac, SCV x2  
  85  6:14  Combat Shield  
  91  6:25  Marauder, Marine x2  
  94  6:30  SCV  
  94  6:31  Supply Depot, SCV x2  
  98  6:32  Supply Depot  
  98  6:34  Marauder  
  98  6:36  Barracks Tech Lab, Barracks Reactor  
  98  6:37  Medivac  
  100  6:44  Medivac  
  100  6:45  Widow Mine x2  
  100  6:46  Marine x2  
  108  6:52  Marauder  
  110  6:56  Armory  
  110  6:58  Refinery, SCV x2  
  110  6:59  Refinery, SCV  
  110  7:00  Marauder x2  
  117  7:01  Supply Depot  
  117  7:02  Supply Depot  
  117  7:10  SCV  
  117  7:11  Marine, SCV x2  
  117  7:14  Supply Depot, Marauder  
  123  7:18  Marine x2  
  125  7:23  Marauder, Marine  
  125  7:26  Marauder  
  125  7:27  Concussive Shells  
  130  7:33  Supply Depot  
  130  7:34  Supply Depot  
  130  7:35  SCV x2  
  130  7:36  SCV  
  133  7:44  Marauder, Marine x4  
  133  7:45  Marauder, Starport  
  133  7:46  Ghost Academy, Marine  
  142  8:02  Marine x2  
  142  8:05  Marauder  
  146  8:06  Marauder x2, Barracks  
  146  8:07  Barracks x2  
  146  8:10  Liberator x2  
  146  8:11  Marine x2  
  148  8:20  Marine x2  
  148  8:26  Widow Mine, Marine x2  
  139  8:27  Marauder  
  139  8:29  Marine x2  
  142  8:38  Marine  
  142  8:41  Marine  
  144  8:44  Marauder  
Show
View Real Time Build Order
Export as new Build Order

Red Protoss 

Build Orders: 1 Gate Expand, Double Forge, Blink Stalkers, Dark Templar Rush 

Get SALT Encoding   

  12  0:00  Probe  
  13  0:12  Probe  
  14  0:17  Pylon  
  14  0:24  Probe  
  15  0:32  Probe  
  15  0:37  Gateway  
  15  0:40  Probe  
  16  0:47  Assimilator  
  17  0:51  Probe  
  18  1:03  Probe  
  19  1:15  Probe  
  20  1:23  Nexus  
  20  1:34  Cybernetics Core  
  20  1:39  Probe  
  21  1:41  Assimilator  
  21  1:47  Pylon  
  21  1:51  Probe  
  22  1:59  Probe  
  22  2:00  Adept  
  23  2:09  Probe  
  23  2:11  Warp Gate  
  26  2:22  Probe  
  27  2:30  Adept  
  27  2:36  Probe  
  28  2:43  Probe  
  29  2:48  Probe  
  29  2:51  Probe  
  30  2:54  Twilight Council  
  31  2:59  Probe  
  31  3:00  Probe  
  33  3:09  Probe  
  33  3:10  Pylon  
  34  3:13  Probe  
  34  3:15  Robotics Facility  
  35  3:22  Probe  
  35  3:25  Gateway, Probe  
  37  3:27  Gateway  
  37  3:34  Dark Shrine, Probe  
  37  3:38  Probe  
  39  3:41  Blink  
  39  3:42  Pylon  
  39  3:53  Probe  
  39  3:55  Probe  
  41  3:56  Warp Prism  
  41  4:02  Stalker  
  41  4:05  Probe  
  46  4:12  Assimilator  
  46  4:15  Assimilator  
  46  4:19  Probe  
  46  4:21  Probe  
  46  4:22  Shield Battery  
  48  4:27  Pylon  
  48  4:30  Stalker  
  50  4:32  Probe  
  50  4:36  Probe  
  52  4:42  Forge  
  52  4:44  Forge, Probe  
  52  4:45  Observer  
  54  4:48  Probe  
  55  4:53  Pylon  
  55  4:56  Probe  
  56  5:00  Probe  
  56  5:03  Dark Templar x2  
  56  5:05  Dark Templar  
  63  5:10  Probe  
  63  5:11  Observer  
  63  5:13  Pylon  
  56  5:24  Pylon, Protoss Ground Weapons Level 1  
  56  5:27  Nexus  
  53  5:30  Protoss Ground Armor Level 1, Probe x2  
  55  5:42  Probe, Stalker x2  
  60  5:44  Stalker  
  62  5:54  Charge  
  62  5:56  Probe  
  63  5:57  Probe  
  64  6:08  Probe  
  65  6:13  Warp Prism  
  67  6:19  Probe  
  67  6:22  Robotics Bay  
  67  6:23  Stalker x2  
  72  6:26  Probe  
  72  6:27  Stalker  
  72  6:31  Probe  
  74  6:39  Probe  
  75  6:40  Probe  
  75  6:41  Observer  
  75  6:42  Pylon  
  76  6:47  Probe  
  76  6:51  Probe  
  76  6:53  Zealot x3  
  84  6:58  Probe  
  84  6:59  Disruptor, Probe  
  86  7:03  Probe  
  87  7:09  Gateway  
  87  7:11  Gateway  
  87  7:12  Gateway, Pylon  
  87  7:13  Sentry x2  
  87  7:14  Stalker  
  96  7:19  Probe x2  
  98  7:25  Pylon  
  98  7:29  Gateway  
  98  7:35  Templar Archives  
  98  7:36  Pylon, Stalker x2  
  102  7:37  Stalker  
  102  7:44  Nexus  
  104  7:46  Probe x3  
  107  7:53  Disruptor  
  110  8:06  Assimilator  
  110  8:12  Assimilator  
  108  8:14  Shield Battery, Zealot x2  
  108  8:15  Zealot x2, Dark Templar x2  
  108  8:17  Pylon  
  120  8:24  Disruptor  
  120  8:27  Probe x2  
  113  8:42  Zealot x4  
  113  8:43  Zealot  
  106  8:56  Zealot x2  
  102  9:05  Zealot  
  102  9:06  Zealot x4  
Tags
 
Add a new tag
Caveats
  • Supply blocks, unpowered buildings, or Contaminate may cause inaccurate times.
  • Supply counts are checked every 10 seconds.